Map: Erneuter Aufruhr LE

Players

Sova - Winner!

  • Race: Terran Terran
  • League: Platinum
  • Spawn Location: 7:00

pipo

  • Race: Terran Terran
  • League: Platinum
  • Spawn Location: 1:00

VOD

Have the link to the VOD?

Description

Time

  • Played on: June 8, 2019, 3:17 p.m.
  • Length: 43:06
Show
View Real Time Build Order
Export as new Build Order

Sova Terran - Winner!

Build Orders:  

Get SALT Encoding   

  12  0:00  SCV  
  13  0:13  SCV  
  14  0:19  Supply Depot  
  14  0:27  Refinery  
  14  0:28  SCV  
  15  0:40  SCV  
  16  0:46  Barracks  
  16  0:52  SCV  
  17  1:04  SCV  
  18  1:17  SCV  
  19  1:36  Orbital Command  
  20  1:45  Reaper  
  20  1:55  Command Center  
  20  2:02  SCV  
  21  2:08  Factory  
  21  2:14  Supply Depot  
  21  2:15  SCV  
  22  2:19  Barracks Reactor  
  22  2:27  Refinery, SCV  
  23  2:39  SCV  
  24  2:51  SCV  
  23  3:09  SCV  
  24  3:23  Barracks Tech Lab, SCV  
  24  3:24  Starport  
  25  3:48  Marine  
  26  4:05  Orbital Command  
  26  4:06  Marine  
  27  4:11  Hellion x2  
  30  4:25  SCV  
  30  4:29  Barracks x2  
  31  4:32  SCV  
  31  4:35  Hellion x2  
  31  4:38  Refinery, SCV  
  37  4:41  Refinery  
  37  4:44  Supply Depot  
  37  4:45  SCV  
  38  4:46  Supply Depot  
  38  4:50  SCV  
  39  4:55  Barracks Reactor  
  39  5:00  SCV  
  39  5:02  SCV  
  41  5:12  Banshee, SCV  
  41  5:13  Cloaking Field  
  46  5:14  SCV  
  46  5:18  Engineering Bay  
  46  5:19  Barracks Tech Lab x2  
  46  5:29  Command Center, SCV x2  
  46  5:35  Marine x2  
  48  5:37  Hellion x2  
  54  5:49  SCV x2  
  56  5:50  Barracks  
  56  5:54  Terran Infantry Weapons Level 1  
  56  5:56  Stimpack, Combat Shield  
  56  6:01  SCV  
  56  6:03  Marine x3  
  56  6:04  Marine  
  61  6:18  Missile Turret  
  61  6:19  Missile Turret  
  61  6:20  SCV  
  61  6:21  Missile Turret  
  61  6:22  Missile Turret  
  62  6:40  Marine x3, SCV x2  
  62  6:42  Orbital Command  
  62  6:47  Barracks Reactor  
  67  6:50  Marine  
  67  6:52  Banshee  
  67  6:53  SCV x2  
  73  6:58  Marine x2  
  75  7:20  SCV x2  
  75  7:21  Supply Depot x2  
  77  7:25  Orbital Command  
  77  7:27  Armory  
  77  7:31  Factory  
  77  7:43  SCV  
  77  8:02  Marine x2  
  77  8:03  Marine x2  
  81  8:05  SCV  
  81  8:06  SCV x2  
  81  8:08  Factory Tech Lab  
  81  8:40  Terran Infantry Weapons Level 2  
  66  8:42  Factory Tech Lab, Starport Reactor  
  66  8:48  Engineering Bay, Concussive Shells  
  66  8:49  Marauder, Marine x2  
  66  8:50  Marauder, Marine x2  
  66  8:53  Siege Tank  
  77  8:58  SCV x3  
  80  9:04  Starport  
  80  9:07  Siege Tank  
  83  9:10  SCV  
  83  9:15  Supply Depot  
  83  9:17  Marine x3, Supply Depot  
  84  9:20  Missile Turret  
  87  9:26  Terran Infantry Armor Level 1  
  87  9:27  Terran Vehicle Weapons Level 1  
  85  9:45  Marine  
  77  9:55  Marine  
  77  9:59  Command Center  
  78  10:08  Missile Turret  
  78  10:09  Command Center, Missile Turret  
  78  10:14  Starport Reactor  
  78  10:20  Missile Turret  
  78  10:23  Barracks  
  78  10:26  Barracks  
  78  10:28  Supply Depot x2  
  78  10:32  Marine x5, Siege Tank x2  
  78  10:34  Marine  
  78  10:35  Supply Depot  
  90  10:38  Barracks  
  90  10:44  Medivac x2  
  94  10:50  Marine x5  
  94  10:52  Marine  
  100  11:04  Siege Tank  
  100  11:05  Terran Infantry Weapons Level 3  
  100  11:07  Marine x2  
  100  11:08  Marine x3  
  108  11:11  Supply Depot  
  108  11:18  Supply Depot  
  105  11:38  Planetary Fortress  
  105  11:45  Barracks Reactor  
  105  11:47  Marine x4  
  105  11:49  Marine x3  
  105  11:53  Siege Tank x2  
  118  11:59  Refinery  
  118  12:02  Terran Infantry Armor Level 2  
  118  12:03  Refinery  
  118  12:05  Marine x4  
  118  12:07  Marine  
  123  12:16  Medivac  
  123  12:17  Medivac  
  127  12:25  Siege Tank  
  130  12:31  Barracks Reactor  
  130  12:50  Siege Tank  
  133  12:51  Marauder, Marine  
  133  12:52  Marauder, Marine x2  
  133  12:57  Siege Tank  
  143  13:02  Terran Vehicle Weapons Level 2  
  143  13:08  Supply Depot  
  142  13:13  Marauder  
  142  13:14  Command Center  
  142  13:16  Viking x2  
  148  13:29  Siege Tank x2  
  146  13:40  Marine x2  
  148  13:45  Marine x2  
  145  13:54  Viking x2  
  145  13:55  Viking  
  150  14:01  Marine x2, Siege Tank  
  150  14:02  Siege Tank  
  122  14:13  Marine  
  122  14:14  Marine x6  
  122  14:15  Marine  
  127  14:18  Marine  
  127  14:19  Marine  
  129  14:26  SCV x3  
  129  14:27  Planetary Fortress  
  132  14:31  Marine x2  
  132  14:32  Marine x2  
  132  14:34  Viking x2  
  132  14:37  Marine x4  
  144  14:41  Marine  
  144  14:42  Marine  
  146  14:56  SCV x3  
  149  15:07  Marine x3  
  152  15:14  Marine x4  
  152  15:15  Marine x3  
  152  15:17  Viking x3  
  165  15:25  Marine  
  163  15:32  Marine x5  
  165  15:37  Marine x3  
  162  16:00  Marine x5  
  162  16:01  Marine  
  162  16:02  Marine  
  155  16:13  Siege Tank x2  
  161  16:27  Terran Ship Weapons Level 1  
  158  16:37  SCV x3  
  161  16:45  Siege Tank x2  
  167  16:47  Liberator x2  
  167  16:50  Marine x3  
  170  17:21  Command Center  
  170  17:25  Marine x2  
  172  17:54  Supply Depot  
  172  17:55  Supply Depot  
  172  18:02  Missile Turret  
  172  18:03  Marine x3  
  172  18:05  Siege Tank  
  172  18:07  Marine x3  
  172  18:15  Marine, Siege Tank, Liberator x2, Viking x2  
  172  18:16  Marine  
  181  18:21  Terran Vehicle Weapons Level 3  
  181  18:22  Marine x4  
  181  18:35  Marine x4  
  181  18:36  Marine x2  
  181  18:37  Siege Tank  
  181  18:40  Marine x3  
  186  18:47  Siege Tank  
  166  18:51  Marine  
  166  18:53  Marine x5  
  166  18:54  Marine  
  166  18:57  Marine  
  166  18:59  Planetary Fortress  
  166  19:09  Siege Tank  
  167  19:11  Marine x4  
  167  19:12  Marine  
  170  19:19  Siege Tank  
  170  19:27  Marine x2  
  169  19:37  Marine x2  
  171  19:41  Siege Tank  
  174  19:52  Siege Tank  
  177  19:57  Command Center  
  174  20:00  Command Center  
  172  20:14  Siege Tank  
  166  20:24  Siege Tank  
  169  20:31  Marine x6  
  172  20:40  Marine  
  171  20:44  Viking x3  
  171  20:46  Siege Tank  
  174  20:51  Viking  
  174  20:56  Siege Tank  
  173  20:58  Terran Ship Weapons Level 2  
  173  21:01  Marine x2  
  168  21:13  Planetary Fortress  
  168  21:14  Viking  
  168  21:16  SCV x2  
  168  21:18  Siege Tank  
  175  21:27  Viking x2  
  179  21:34  Marine x4  
  179  21:38  Marine x5  
  188  21:52  Marine x4  
  188  21:53  Marine  
  191  22:02  Viking x3  
  197  22:11  Orbital Command  
  197  22:12  Orbital Command  
  197  22:16  Viking  
  163  23:01  Viking x2  
  163  23:04  Thor x2  
  129  23:13  Viking x2  
  107  23:29  Terran Ship Weapons Level 3  
  107  23:31  Viking x2  
  105  23:43  Viking x2  
  105  23:47  SCV x3  
  105  23:48  SCV  
  111  23:55  Refinery  
  111  23:59  Refinery  
  111  24:04  Refinery  
  111  24:08  Refinery  
  111  24:11  Missile Turret  
  112  24:17  Siege Tank x2  
  112  24:21  SCV x2  
  112  24:22  SCV  
  118  24:32  Missile Turret x2  
  118  24:36  Marine x3  
  118  24:37  Marine x3  
  124  24:40  Marine x2  
  124  24:45  Refinery  
  126  24:47  Refinery  
  126  24:49  Marine x2  
  128  24:53  Barracks x2  
  128  24:54  Marine x4  
  128  24:55  Marine x2, Barracks  
  128  24:57  Marine x2  
  136  25:08  Missile Turret  
  136  25:11  Hellbat x2  
  136  25:13  Marine x3  
  136  25:14  Marine  
  144  25:25  Barracks x2  
  144  25:31  Missile Turret  
  144  25:32  Marine x6  
  144  25:33  Marine x3  
  153  25:37  Viking x3  
  159  25:47  Missile Turret  
  159  25:48  Missile Turret  
  159  25:55  Marine x2  
  159  25:56  Marine x5  
  159  25:57  Marine  
  164  26:09  Marine x2  
  165  26:17  Missile Turret  
  165  26:21  Barracks Tech Lab x2  
  161  26:28  Siege Tank x2  
  156  27:00  Siege Tank x2  
  157  27:05  Viking x2  
  161  27:17  Command Center  
  161  27:18  Orbital Command  
  161  27:22  Command Center  
  161  27:24  Marine x6  
  161  27:26  SCV  
  161  27:27  SCV x3  
  171  27:31  Marine x3  
  171  27:32  Siege Tank x2  
  180  27:39  Starport  
  180  27:40  Starport  
  180  27:41  Marine  
  180  27:42  Marine  
  180  27:43  Terran Vehicle And Ship Armor Level 1  
  182  27:46  Terran Infantry Armor Level 3  
  179  28:04  Siege Tank  
  182  28:07  Marine x3  
  182  28:08  Marine  
  182  28:09  Marine  
  179  28:20  Marine x3  
  179  28:21  Marine  
  179  28:27  Starport Tech Lab x2  
  176  28:38  Missile Turret  
  176  28:40  Barracks Tech Lab  
  176  28:41  Barracks Tech Lab x2  
  176  28:43  Planetary Fortress  
  176  28:45  Missile Turret  
  175  28:51  Marine x2  
  175  29:03  Refinery  
  165  29:24  Viking x2  
  165  29:44  Marine x2  
  166  29:49  Command Center  
  166  29:50  Command Center  
  166  29:55  Missile Turret  
  166  29:59  Siege Tank x2  
  163  30:07  Marine x5  
  128  30:31  Siege Tank x2  
  129  30:39  Marine x3  
  98  30:50  Marine x3  
  94  30:58  Marine x4  
  94  31:03  Siege Tank  
  97  31:05  Barracks  
  97  31:32  Marine  
  97  31:33  Marine x4  
  102  31:44  Marine x2  
  102  31:45  Marine x2  
  106  31:47  Viking x2  
  106  31:52  Command Center  
  110  31:54  Missile Turret  
  110  31:56  Missile Turret x2  
  110  31:57  Barracks Reactor  
  110  32:00  Missile Turret  
  110  32:02  Planetary Fortress  
  110  32:05  Marine x2  
  110  32:06  Marine x3  
  110  32:07  Terran Vehicle And Ship Armor Level 2  
  115  32:12  Viking x2  
  118  32:26  Missile Turret  
  118  32:30  Marine x3  
  118  32:35  Hi-Sec Auto Tracking  
  118  32:36  Neosteel Armor  
  121  32:38  Missile Turret  
  121  32:42  Viking x2  
  125  32:44  Marine x4  
  125  32:45  Marine x4  
  133  33:00  Viking x3  
  139  33:06  Starport  
  139  33:14  Viking  
  139  33:15  Viking  
  139  33:33  Viking x2  
  139  33:44  Starport Reactor  
  139  33:47  Marine x3  
  142  33:59  Siege Tank x2  
  140  34:07  Viking x3  
  136  34:16  Marine x2  
  102  34:34  Marine x3  
  102  34:40  Marine x2  
  102  34:41  Marine x5  
  102  34:42  Marine x4  
  109  34:55  Liberator x2  
  98  35:04  Marine x3  
  99  35:28  Siege Tank x2  
  99  35:32  Marine x2  
  99  35:33  Marine x4  
  99  35:34  Command Center  
  103  35:58  Liberator x2  
  95  36:17  Marine x2  
  95  36:18  Marine x6  
  101  36:19  Marine  
  101  36:20  Siege Tank x2  
  101  36:24  Liberator x2  
  104  36:31  Command Center  
  101  36:46  Marine  
  101  36:47  Marine x2  
  89  36:48  Marine  
  89  36:49  Marine x3  
  89  36:52  Siege Tank x2  
  95  37:15  Marine x3  
  87  37:20  Marine x5  
  87  37:21  Marine  
  85  37:34  Marine  
  85  37:35  Marine  
  80  37:39  Viking x2  
  80  37:40  Marine x2  
  80  37:43  Siege Tank x2  
  77  37:59  Marine x3  
  77  38:04  Terran Vehicle And Ship Armor Level 3  
  80  38:15  Thor x2  
  80  38:18  Viking x3  
  98  38:20  Command Center  
  98  38:25  Viking x2  
  97  38:30  Marine x2  
  97  38:31  Marine x4  
  103  38:51  Marine x2  
  105  38:58  Siege Tank x2  
  105  38:59  Marine x2  
  105  39:00  Marine x3  
  115  39:18  Viking x2  
  119  39:30  Siege Tank x2, Missile Turret  
  125  39:32  Planetary Fortress  
  125  39:39  Missile Turret  
  125  39:48  Viking x2  
  119  40:02  Siege Tank x2  
  125  40:08  Marine x2  
  125  40:10  Viking  
  125  40:11  Viking  
  131  40:14  Marine  
  131  40:15  Marine  
  133  40:34  Siege Tank  
  133  40:35  Siege Tank  
  129  40:56  Marine x5  
  129  40:57  Marine x6  
  134  40:58  Marine x2  
  142  41:06  Siege Tank  
  142  41:07  Siege Tank  
  148  41:27  Liberator x3  
  137  41:39  Siege Tank x2  
  135  42:11  Siege Tank x2  
  136  42:24  Marine x2  
  136  42:25  Marine x2  
Show
View Real Time Build Order
Export as new Build Order

pipo Terran 

Build Orders:  

Get SALT Encoding   

  12  0:03  SCV  
  13  0:15  SCV  
  13  0:19  Supply Depot  
  14  0:27  SCV  
  15  0:40  SCV  
  16  0:43  Barracks  
  16  0:47  Refinery  
  16  0:52  SCV  
  17  1:04  SCV  
  18  1:16  SCV  
  19  1:29  SCV  
  20  1:41  Orbital Command  
  20  1:45  Reaper  
  20  1:46  Command Center  
  21  1:53  Supply Depot  
  21  2:08  SCV  
  22  2:10  Refinery  
  22  2:17  Factory  
  22  2:19  Marine  
  23  2:24  SCV  
  24  2:36  SCV  
  25  2:37  Marine  
  26  2:48  SCV  
  27  2:55  Marine  
  28  3:00  SCV  
  29  3:06  Orbital Command  
  29  3:13  Marine  
  29  3:14  Factory Tech Lab  
  29  3:15  Starport  
  30  3:31  Marine  
  31  3:43  Refinery, Siege Tank  
  33  3:51  SCV  
  33  3:55  Starport Reactor  
  33  3:57  SCV  
  33  3:58  Barracks Tech Lab  
  33  3:59  Barracks  
  34  4:03  SCV  
  34  4:09  SCV  
  36  4:15  SCV  
  36  4:21  SCV  
  37  4:27  SCV  
  37  4:28  Stimpack  
  37  4:29  Siege Tank  
  41  4:33  SCV  
  41  4:35  Engineering Bay  
  41  4:37  Supply Depot x2  
  42  4:39  SCV  
  42  4:44  Marine  
  42  4:45  Medivac  
  46  4:54  Barracks Reactor  
  46  4:57  Barracks  
  46  4:58  Medivac, SCV x2  
  50  5:01  Marine  
  51  5:08  Refinery  
  51  5:10  SCV x2  
  53  5:14  Supply Depot  
  53  5:15  Terran Infantry Weapons Level 1  
  53  5:17  Supply Depot  
  53  5:19  Marine  
  54  5:22  SCV x2  
  55  5:32  Liberator  
  55  5:35  SCV  
  56  5:37  Marine, Supply Depot  
  56  5:40  Marine x2  
  59  5:43  Siege Tank  
  59  5:44  SCV  
  59  5:47  SCV  
  67  5:52  Medivac  
  67  5:54  Barracks Reactor  
  67  5:55  Marine  
  67  5:56  SCV  
  71  5:59  SCV  
  71  6:01  Supply Depot  
  71  6:02  Supply Depot  
  72  6:09  SCV  
  73  6:12  SCV  
  73  6:15  Marine  
  75  6:23  Factory  
  75  6:26  Siege Tank  
  78  6:33  Marine x2  
  78  6:34  Marine, Combat Shield  
  78  6:36  Marauder  
  83  6:41  Command Center, Marine  
  83  6:42  Supply Depot  
  84  6:51  Marine  
  85  6:56  Marine  
  85  6:57  Marine  
  87  7:01  Refinery  
  87  7:04  SCV x2  
  87  7:08  Missile Turret  
  88  7:09  Missile Turret  
  88  7:10  Missile Turret  
  88  7:16  Marine x4  
  92  7:25  Missile Turret, SCV x2  
  94  7:35  Supply Depot  
  94  7:37  SCV  
  94  7:39  Terran Infantry Armor Level 1  
  92  8:00  Marine x3  
  92  8:01  SCV x2  
  97  8:07  Liberator x2  
  97  8:12  Orbital Command  
  97  8:13  SCV  
  97  8:14  SCV  
  97  8:18  Marine x2  
  97  8:19  Siege Tank  
  104  8:21  Factory Tech Lab  
  104  8:22  Supply Depot  
  104  8:26  SCV  
  109  8:42  Marine x2  
  111  8:50  Siege Tank  
  111  8:51  Marine x2, Siege Tank  
  111  8:52  Concussive Shells  
  111  8:54  Marauder  
  111  8:55  SCV x2  
  123  8:59  Supply Depot  
  123  9:00  SCV  
  124  9:04  Refinery  
  124  9:07  SCV  
  125  9:15  Marauder  
  127  9:20  SCV x2  
  127  9:22  Siege Tank  
  128  9:58  SCV x3  
  131  10:03  Siege Tank x2  
  137  10:09  Factory  
  137  10:10  SCV, Factory x2  
  137  10:13  Command Center  
  138  10:14  Armory  
  138  10:15  Armory  
  138  10:21  Hi-Sec Auto Tracking  
  138  10:26  Marine x3  
  141  10:30  Supply Depot  
  141  10:32  Supply Depot x2  
  141  10:44  Sensor Tower  
  141  10:52  Marauder, Siege Tank, SCV x3  
  141  10:53  Siege Tank, Liberator  
  141  10:54  Liberator  
  152  11:00  Factory Tech Lab x2  
  146  11:04  SCV x2  
  154  11:14  Marauder  
  156  11:24  Siege Tank  
  150  11:35  Orbital Command  
  150  11:36  Liberator x2  
  150  11:43  Refinery, SCV x2  
  150  11:44  Refinery  
  150  11:46  SCV  
  153  11:51  Missile Turret x2  
  159  11:55  SCV  
  159  11:56  SCV  
  159  11:57  Factory Tech Lab  
  159  11:58  SCV  
  159  11:59  Siege Tank x2  
  159  12:00  Siege Tank x2  
  174  12:02  Terran Vehicle Weapons Level 1  
  174  12:03  Terran Vehicle And Ship Armor Level 1  
  174  12:04  Terran Infantry Weapons Level 2  
  174  12:10  Starport  
  174  12:11  Starport  
  174  12:12  SCV  
  174  12:13  SCV x2  
  177  12:29  Siege Tank, Liberator x2  
  180  12:45  Siege Tank x2  
  180  12:46  Siege Tank  
  180  12:49  SCV x2  
  197  13:07  Starport Tech Lab x2  
  161  14:05  Liberator  
  161  14:06  Liberator  
  133  14:17  Marine x4  
  133  14:18  Marine  
  144  14:35  Marine x2  
  144  14:36  Marauder, SCV x2  
  150  14:48  Command Center, Liberator x4  
  150  14:49  Fusion Core  
  150  14:55  Terran Vehicle Weapons Level 2  
  150  14:56  Terran Vehicle And Ship Armor Level 2  
  150  14:57  Marauder, Starport  
  150  14:58  Starport  
  150  14:59  Terran Infantry Armor Level 2  
  164  15:31  Liberator  
  164  15:47  Siege Tank x4  
  164  15:48  Command Center  
  146  16:10  Marine x3  
  146  16:11  Marine  
  144  16:12  Siege Tank  
  144  16:14  Viking  
  144  16:15  Viking x2  
  153  16:19  Siege Tank  
  153  16:22  Orbital Command  
  156  16:31  Viking  
  155  16:44  Viking  
  155  16:45  Viking x2  
  146  17:06  Siege Tank x5  
  161  17:15  SCV x2, Battlecruiser x2  
  175  17:17  Refinery, SCV x2  
  175  17:18  Refinery  
  172  17:36  SCV  
  171  17:38  Siege Tank  
  171  17:48  Marine x2  
  171  17:49  Marine x3  
  173  18:06  Marine x2  
  175  18:19  Battlecruiser x2  
  187  18:30  Thor x2  
  154  18:52  SCV  
  152  19:02  Marine x3  
  141  19:26  SCV x2  
  131  19:32  Thor x2  
  131  19:34  Battlecruiser x2  
  145  19:57  Command Center  
  120  20:30  Thor x2  
  124  21:09  Siege Tank x3  
  124  21:10  SCV  
  124  21:11  SCV x2  
  135  21:13  Siege Tank x2  
  135  21:15  Refinery, Planetary Fortress  
  142  21:20  Refinery  
  142  21:38  Battlecruiser  
  148  21:41  Siege Tank x2  
  152  22:05  SCV x2  
  154  22:12  Marine x3  
  154  22:13  Marine x2  
  159  22:22  Command Center  
  159  22:29  Marine  
  153  22:30  Marine x2  
  153  22:31  Marine x2  
  152  22:47  Marine x2  
  152  22:48  Marine x2  
  152  22:49  Marine  
  144  23:05  Marine x3  
  120  23:06  Marine  
  120  23:07  Marine  
  120  23:11  Siege Tank  
  120  23:12  Siege Tank x4  
  131  23:23  Marine x3  
  131  23:24  Marine x2  
  130  23:29  Battlecruiser x2  
  132  23:41  Marine x3  
  133  23:42  Marine x2  
  133  23:46  Siege Tank x3  
  146  23:56  Refinery x2  
  146  23:58  Marine  
  146  23:59  Marine x2  
  146  24:00  Marine x2  
  151  24:16  Marine x2  
  151  24:17  Marine x2  
  143  24:18  Marine  
  146  24:34  Marine x3  
  146  24:35  Marine  
  146  24:36  Marine  
  146  24:37  Command Center  
  151  24:52  Marine x3  
  153  24:53  Marine  
  153  24:54  Marine  
  156  25:10  Marine  
  156  25:11  Marine  
  158  25:30  Terran Vehicle And Ship Armor Level 3, Terran Vehicle Weapons Level 3  
  158  25:35  Starport Tech Lab x2  
  158  25:39  Orbital Command  
  142  26:19  Battlecruiser  
  142  26:21  Marine x3  
  142  26:22  Marine x2  
  148  26:39  Marine x3  
  144  26:40  Marine x2  
  145  26:57  Marine x5  
  147  27:14  Marine x2  
  147  27:15  Marine x3  
  150  27:19  Medivac x2  
  150  27:21  SCV  
  150  27:22  SCV  
  158  27:25  SCV x2  
  160  27:32  Marine x3  
  160  27:33  Marine x2  
  165  27:38  Missile Turret  
  165  27:40  Missile Turret  
  165  27:50  Marine  
  166  27:58  Refinery  
  166  28:02  Missile Turret, Refinery  
  166  28:04  Missile Turret  
  163  28:07  Terran Ship Weapons Level 1  
  158  28:26  Missile Turret  
  151  28:30  Refinery, Missile Turret  
  127  29:29  Marine x4  
  127  29:30  Marine  
  116  29:47  Marine x4  
  116  29:48  Marauder  
  107  30:04  Marine  
  107  30:05  Marine x3  
  95  30:09  Marine  
  86  30:22  Marine x2  
  86  30:23  Marine x2  
  86  30:27  Marine  
  80  30:40  Marine x3  
  80  30:41  Marine  
  75  30:44  Marine  
  57  30:58  Marine x4  
  57  31:02  Marine  
  50  31:06  Siege Tank x5  
  65  31:16  Marine x4  
  69  31:20  Marine  
  69  31:23  Viking x6  
  82  31:26  SCV x2  
  82  31:27  Missile Turret  
  82  31:32  SCV  
  85  31:34  Marine x4  
  85  31:37  SCV  
  85  31:38  Marine, Siege Tank x5  
  105  31:47  Command Center  
  105  31:51  Marine  
  105  31:52  Marine x3  
  105  31:53  Viking x6  
  121  31:56  Marine  
  122  32:10  Siege Tank x3  
  122  32:14  Marine  
  132  32:23  Siege Tank x2  
  103  33:43  Marine x5  
  103  33:45  Siege Tank x3  
  103  33:46  Siege Tank x2  
  123  33:49  Planetary Fortress  
  123  33:52  SCV x2  
  123  33:54  Refinery  
  125  34:00  Marine  
  125  34:01  Marine x4  
  103  34:18  Marine  
  103  34:19  Marine x4  
  104  34:36  Marine  
  104  34:37  Marine x4  
  95  34:54  Marine x5  
  93  35:07  Viking x5  
  93  35:08  Viking  
  93  35:12  Marine x5  
  108  35:14  SCV x3  
  108  35:19  SCV  
  108  35:20  Refinery, SCV  
  113  35:23  SCV  
  113  35:26  Siege Tank x4, SCV x2  
  113  35:27  SCV  
  129  35:29  Marine  
  129  35:30  Marine x4  
  134  35:37  Viking x5  
  144  35:47  Marine  
  144  35:48  Marine x4  
  141  36:05  Marine  
  141  36:06  Marine x4  
  146  36:12  SCV  
  144  36:23  Marine x4  
  144  36:24  Marine  
  128  36:33  Missile Turret  
  128  36:41  Marine  
  128  36:45  Marine x3  
  121  36:57  Marine  
  121  36:59  Marine, Siege Tank x4  
  121  37:00  Siege Tank  
  136  37:03  Marine x2  
  127  37:18  Marauder  
  118  37:31  Siege Tank x3  
  118  37:32  Siege Tank  
  128  37:39  Marauder, Viking x3  
  128  37:40  Viking x2  
  117  38:21  Marine  
  117  38:22  Marine x4  
  117  38:23  Siege Tank x2  
  117  38:24  Siege Tank x2  
  132  38:39  Marine  
  132  38:40  Marine x4  
  137  38:43  Command Center  
  137  38:57  Marine  
  137  38:58  Marine x4  
  132  39:15  Marine x4  
  132  39:16  Marauder  
  134  39:19  Command Center  
  134  39:31  SCV x2  
  136  39:33  Marine x4  
  136  39:37  Marauder, Barracks  
  142  39:39  Barracks  
  142  39:43  Barracks  
  142  39:44  Barracks  
  142  39:47  Barracks  
  141  40:01  Marine  
  141  40:02  Marine x4  
  141  40:07  SCV x2  
  137  40:19  Marine x5  
  119  40:37  Marine x5  
  107  40:48  Marine  
  107  40:49  Barracks Reactor  
  108  40:50  Barracks Tech Lab  
  108  40:51  Barracks Reactor  
  108  40:52  Barracks Reactor  
  108  40:54  Marine  
  109  41:07  Refinery  
  109  41:08  Marine x2  
  109  41:09  Command Center, Marine x4  
  109  41:11  Siege Tank x2  
  121  41:12  Marine, Siege Tank x3  
  121  41:13  Refinery  
  121  41:18  Planetary Fortress  
  128  41:24  Viking  
  130  41:26  Marine  
  128  41:38  Marine  
  128  41:39  Marine x4  
  109  41:40  Marine  
  109  41:43  Siege Tank  
  115  42:00  Marine x12  
  115  42:01  Marine  
  126  42:11  Refinery  
  119  42:17  Marine  
  119  42:18  Marine x8  
  102  42:39  Marine  
  102  42:40  Marine x10  
  102  42:41  Marine x2  
Tags
 
Add a new tag
Caveats
  • Supply blocks, unpowered buildings, or Contaminate may cause inaccurate times.
  • Supply counts are checked every 10 seconds.